 Dungeon Crawl Stone Soup version 0.21-a0-474-g05767a10c8 (webtiles) character file.

18 Malachi the Skirmisher (level 2, 0/24 HPs)
             Began as a Demonspawn Berserker on Nov 22, 2017.
             Was a Follower of Trog.
             Succumbed to a worker ant's poison
             ... on level 2 of the Dungeon.
             The game lasted 00:01:13 (1063 turns).

Malachi the Skirmisher (Demonspawn Berserker)       Turns: 1063, Time: 00:01:13

Health: 0/24       AC:  2    Str: 20 (22) XL:     2   Next: 48%
Magic:  0/2        EV: 12    Int:  5 (8)  God:    Trog [*.....]
Gold:   42         SH:  0    Dex:  9 (12) Spells: 1/1 levels left

rFire    . . .     SeeInvis .   a - +0 hand axe
rCold    . . .     Gourm    .   (no shield)
rNeg     . . .     Faith    .   b - +0 animal skin
rPois    .         Spirit   +   (no helmet)
rElec    .         Reflect  .   (no cloak)
rCorr    .         Harm     .   (no gloves)
MR       .....                  (no boots)
Stlth    +.........             g - amulet of guardian spirit
HPRegen  0.08/turn              e - +5 ring of strength
MPRegen  0.08/turn              (no ring)

@: lethally poisoned (0 -> -11), flying
A: demonic guardian 1
a: Berserk, Burn Spellbooks, Renounce Religion


You were on level 2 of the Dungeon.
You worshipped Trog.
Trog was aware of your devotion.
You were not hungry.

You visited 1 branch of the dungeon, and saw 2 of its levels.

You collected 42 gold pieces.

Inventory:

Hand Weapons
 a - a +0 hand axe (weapon)
Armour
 b - a +0 animal skin (worn)
Jewellery
 e - a +5 ring of strength (left hand)
 g - an amulet of guardian spirit (around neck)
Scrolls
 f - a scroll of fear {unknown}
 h - a scroll of teleportation {unknown}
Comestibles
 c - 3 bread rations


   Skills:
 + Level 3.3 Fighting
 + Level 3.1 Axes
 + Level 1.7 Armour
 + Level 1.8 Dodging
 + Level 0.4 Stealth


You had one spell level left.
You didn't know any spells.

Dungeon Overview and Level Annotations

Branches:
Dungeon (2/15)

Altars:


Innate Abilities, Weirdness & Mutations

A weak demonic guardian rushes to your aid.


Message History

It was a potion of flight.
You feel very buoyant.
You fly up into the air.
* * * LOW HITPOINT WARNING * * *
You feel sick.
The bat barely misses your shadow imp. x2
The worker ant closely misses you. The giant cockroach closely misses you.
Your shadow imp completely misses the worker ant.
* * * LOW HITPOINT WARNING * * *
You feel sick.
The bat barely misses your shadow imp. x2
Your shadow imp gestures at the worker ant.
The worker ant writhes in agony!
The worker ant barely misses you.
* * * LOW HITPOINT WARNING * * *
You feel sick.
Something barely misses your shadow imp.
Something hits your shadow imp. x2; The giant cockroach barely misses you.
Your shadow imp hits the worker ant.
You hit the worker ant but do no damage.
The worker ant is moderately wounded.
You hit the giant cockroach but do no damage.
You die...

...$.
#####...####
...........
..........
.....>.
#...####.#
#...5b...#
#.sa######
#..@#
#...#####
#.......###
####......#
#.##.#.#
#.#### #...#
###.###
##.#...#


You could see a worker ant, a giant cockroach and a friendly shadow imp.

Vanquished Creatures
  A dart slug (D:1)
  A leopard gecko (D:1)
  3 bats (D:1)
  2 jackals (D:1)
  A frilled lizard (D:1)
  3 kobolds (D:1)
  4 rats
15 creatures vanquished.

Notes
Turn   | Place    | Note
-------+----------+-------------------------------------------
     0 | D:1      | Malachi the Demonspawn Berserker began the quest for the Orb.
     0 | D:1      | Reached XP level 1. HP: 18/18 MP: 1/1
   369 | D:1      | Gained mutation: A weak demonic guardian rushes to your aid. [demonic ancestry]
   369 | D:1      | Reached XP level 2. HP: 2/24 MP: 0/2
  1062 | D:2      | HP: 1/24 [poisoned by a worker ant]
  1063 | D:2      | Succumbed to a worker ant's poison

Vault maps used:
D:1:      minmay_arrival_nine_rooms, nrook_mini_backslash
D:2:      nicolae_overflow_crystal_walls, yredelemnul_altar_generic,
          fiery_altar_vehumet

Skill      XL: |  1 |
---------------+----+-----
Axes           | 3 |  3.1
Fighting       | |  3.3
Armour         | |  1.7
Dodging        | |  1.8
Stealth        | |  0.4

Action                   || total
-------------------------++-------
Melee: Hand axe          ||    47
Invok: Berserk           ||     2
  Use: Potion            ||     2
  Eat: Chunk             ||     2
Armor: Animal skin       ||    12
Dodge: Dodged            ||    39

Table legend:
 A = Spawn XP
 B = Non-spawn XP
 C = Spawn XP percentage of total XP
 D = Spawn monster count
 E = Non-spawn monster count
 F = Spawn count percentage of total count
 G = Total turns spent on level
                    A         B        C        D         E        F      G
               +---------+---------+-------+---------+---------+-------+---------
         Total |       0 |      26 |   0.0 |       0 |      15 |   0.0 |  1063
               +---------+---------+-------+---------+---------+-------+---------
           D:1 |       0 |      25 |   0.0 |       0 |      14 |   0.0 |  1034
           D:2 |       0 |       1 |   0.0 |       0 |       1 |   0.0 |    29
               +---------+---------+-------+---------+---------+-------+---------
